 Dungeon Crawl Stone Soup version 0.29.1-1-gd02db6906a (webtiles) character file.

Game seed: 4942142033776651730

51 sankara the Sneak (level 3, 0/14 (24) HPs)
             Began as a Vampire Enchanter on Oct 13, 2022.
             Slain by a necrophage (1 damage)
             ... on level 2 of the Dungeon.
             The game lasted 00:03:56 (1494 turns).

sankara the Sneak (Vampire Enchanter)               Turns: 1494, Time: 00:03:57

HP:   0/14 (24)     AC:  2    Str:  7    XL:     3   Next: 57%
MP:   6/6           EV: 13    Int: 17    God:
Gold: 174           SH:  0    Dex: 16    Spells: 4/6 levels left

rFire   . . .      SeeInvis +   a - +1 dagger
rCold   . . .      Faith    .   (no shield)
rNeg    . . .      Spirit   .   b - +0 robe
rPois   .          Reflect  .   (no helmet)
rElec   .          Harm     .   (no cloak)
rCorr   .          Rampage  .   (no gloves)
Will    .....                   (no boots)
Stlth   +++.......              (no amulet)
HPRegen 0.24/turn               (no ring)
MPRegen 0.10/turn               (no ring)

@: healing quickly, very heavily drained
A: alive, fangs 3, see invisible, vampiric 2
a: Exsanguinate


You were on level 2 of the Dungeon.
You visited 1 branch of the dungeon, and saw 2 of its levels.

You collected 174 gold pieces.

Inventory:

Hand Weapons
 a - a +1 dagger (weapon)
Missiles
 d - 23 stones (quivered)
Armour
 b - a +0 robe (worn)
 n - a +0 pair of gloves
Scrolls
 e - 2 scrolls of identify {unknown}
 g - a scroll of immolation {unknown}
 h - a scroll of enchant weapon {unknown}
 j - a scroll of acquirement {unknown}
 l - 4 scrolls of teleportation {unknown}
Potions
 c - 2 potions of invisibility
 f - 2 potions of mutation {unknown}
 i - a potion of lignification {unknown}
 k - 2 potions of curing {unknown}
 m - a potion of might {unknown}


   Skills:
 + Level 1.7 Short Blades
 + Level 2.6 Dodging
 * Level 5.5 Stealth
 + Level 2.2 Spellcasting
 + Level 4.7 Hexes
 + Level 0.4 Ice Magic


You had 4 spell levels left.
You knew the following spells:

 Your Spells              Type           Power      Damage    Failure   Level
a - Ensorcelled Hibernat  Hex/Ice        20%        N/A       10%         2

Your spell library contained the following spells:

 Spells                   Type           Power      Damage    Failure   Level
 Confusing Touch          Hex            18%        N/A       8%          3
 Tukima's Dance           Hex            18%        N/A       8%          3
 Dazzling Flash           Conj/Hex       20%        N/A       22%         3


Dungeon Overview and Level Annotations

Branches:
Dungeon (2/15)

Altars:

Shops:
D:2 (


Innate Abilities, Weirdness & Mutations

Your natural rate of healing is accelerated.
You have razor-sharp teeth.
You have supernaturally acute eyesight. (SInv)
You are afflicted with vampirism and can become a bat while bloodless.


Message History

The necrophage hits you but does no damage.
The necrophage attacks as you move away!
The necrophage completely misses you.
The necrophage attacks as you move away!
The necrophage hits you.
You feel drained.
The necrophage attacks as you move away!
The necrophage closely misses you.
The necrophage attacks as you move away!
The necrophage hits you.
The necrophage attacks as you move away!
The necrophage hits you.
The necrophage attacks as you move away!
The necrophage barely misses you.
There is a stone staircase leading up here.
The necrophage attacks as you move away!
The necrophage misses you.
The necrophage attacks as you move away!
The necrophage hits you.
The necrophage attacks as you move away!
The necrophage hits you but does no damage.
The necrophage attacks as you move away!
The necrophage hits you.
The necrophage attacks as you move away!
The necrophage hits you.
You feel drained.
The necrophage attacks as you move away!
The necrophage barely misses you.
The necrophage attacks as you move away!
The necrophage hits you.
You feel drained.
The necrophage attacks as you move away!
The necrophage hits you but does no damage.
The necrophage attacks as you move away!
The necrophage misses you.
The necrophage attacks as you move away!
The necrophage hits you.
You feel drained.
The necrophage attacks as you move away!
The necrophage completely misses you. The necrophage hits you.
* * * LOW HITPOINT WARNING * * *
You feel drained.
You die...

######### #.......#
#####.#####.#
###......####.#
#.@........##.#
#n###....#.##.####
#.# #....#..)....##
#.###.#............
#....<...#.##.##..#
###.######....##..#
#.# #.#####..#
#.######.##......
#......#........#


You could see a necrophage.

Vanquished Creatures
  An adder (D:1)
  2 worms (D:2)
  A dart slug (D:1)
  An endoplasm (D:1)
  A giant cockroach (D:2)
  A goblin (D:1)
  3 hobgoblins (D:1)
  4 jackals (D:1)
  4 kobolds
  A quokka (D:1)
  6 ball pythons
  3 bats
  A rat (D:2)
29 creatures vanquished.

Notes
Turn   | Place    | Note
-------+----------+-------------------------------------------
     0 | D:1      | sankara the Vampire Enchanter began the quest for the Orb.
     0 | D:1      | Reached XP level 1. HP: 13/13 MP: 3/3
   204 | D:1      | Reached XP level 2. HP: 19/19 MP: 5/5
   222 | D:1      | Learned a level 2 spell: Ensorcelled Hibernation
   466 | D:1      | Reached skill level 5 in Stealth
   880 | D:1      | Found a faded altar of an unknown god.
   950 | D:2      | Noticed a necrophage
  1023 | D:2      | Gained mutation: You are afflicted with vampirism and can
                  | become a bat while bloodless. [Vampire growth]
  1023 | D:2      | Reached XP level 3. HP: 23/24 MP: 6/6
  1052 | D:2      | Found Moleaf's Antique Weapon Shoppe.
  1494 | D:2      | Slain by a necrophage

Illustrated notes

Levels and vault maps discovered:
D:1:      dpeg_arrival_windows_large_door, layout_rooms,
          shapermc_ecumenical_altar_flowoftime, chequers_serial_rivers_micro_d,
          interstate_on_off, dk_noncrumbling_3, serial_bayou_ford_a
D:2:      layout_loops_cross, serial_shops, shop_coins, nicolae_diamond_shop

Skill      XL: |  1  2 |
---------------+-------+-----
Stealth        | 5 |  5.5
Short Blades   | |  1.7
Dodging        | |  2.6
Spellcasting   | |  2.2
Hexes          | |  4.7
Ice Magic      | |  0.4

Action                   || total
-------------------------++-------
Melee: Dagger            ||   101
       Bite              ||     7
 Cast: Ensorcelled Hiber ||     8
 Stab: Sleeping          ||    14
Armor: Robe              ||    26
Dodge: Dodged            ||    58
